 Dungeon Crawl Stone Soup version 0.29.1-2-gbd0b4ee654 (webtiles) character file.

Game seed: 11185112791103235856

3147 cdecastro the Grappler (level 9, -4/80 HPs)
             Began as a Troll Monk on Nov 12, 2022.
             Was an Initiate of Yredelemnul.
             Slain by a hornet (10 damage)
             ... on level 9 of the Dungeon on Nov 13, 2022.
             The game lasted 00:13:03 (6654 turns).

cdecastro the Grappler (Troll Monk)                 Turns: 6654, Time: 00:13:04

Health: -4/80      AC:  5    Str: 31    XL:     9   Next: 62%
Magic:  12/12      EV: 14    Int:  6    God:    Yredelemnul [......]
Gold:   314        SH:  0    Dex: 12    Spells: 8/8 levels left

rFire   . . .      SeeInvis .     - Unarmed
rCold   . . .      Faith    .   (no shield)
rNeg    . . .      Spirit   .   a - +0 robe
rPois   .          Reflect  .   (helmet restricted)
rElec   .          Harm     .   K - +0 cloak
rCorr   .          Rampage  .   (gloves unavailable)
Will    .....                   (boots unavailable)
Stlth   ++........              (no amulet)
HPRegen 1.03/turn               J - +4 ring of evasion
MPRegen 0.13/turn               w - +6 ring of strength

@: lethally poisoned (-4 -> -5), slowed, very slow
A: large, unfitting armour, claws 3, regeneration 1, shaggy fur 1, tough skin 1
a: Renounce Religion, Recall Undead Harvest


You were on level 9 of the Dungeon.
You worshipped Yredelemnul.
Yredelemnul was noncommittal.
You visited 2 branches of the dungeon, and saw 10 of its levels.

You collected 421 gold pieces.
You spent 107 gold pieces at shops.

Inventory:

Missiles
 q - 3 silver boomerangs (quivered)
 s - 10 poisoned darts
 F - 3 boomerangs
Armour
 a - a +0 robe (worn)
 g - an orb of energy
 K - a +0 cloak (worn)
 N - a +2 hat
Magical Staves
 z - a staff of air
Jewellery
 n - a ring of fire
 w - a +6 ring of strength (right claw)
 A - an amulet of magic regeneration
 H - a ring of fire
 I - a ring of positive energy
 J - a +4 ring of evasion (left claw)
 L - an amulet of guardian spirit
Wands
 E - a wand of charming (3)
Scrolls
 c - 3 scrolls of poison {unknown}
 e - 8 scrolls of identify {unknown}
 f - a scroll of fear {unknown}
 i - a scroll of butterflies {unknown}
 j - 5 scrolls of teleportation {unknown}
 l - a scroll of brand weapon {unknown}
 o - 2 scrolls of enchant armour {unknown}
 p - 3 scrolls of noise {unknown}
 y - 2 scrolls of blinking {unknown}
 D - a scroll of amnesia {unknown}
 G - a scroll of summoning {unknown}
 M - a scroll of vulnerability {unknown}
Potions
 b - 2 potions of ambrosia
 d - 2 potions of flight {unknown}
 h - 2 potions of curing {unknown}
 k - 3 potions of lignification {unknown}
 m - 2 potions of haste {unknown}
 r - 2 potions of invisibility {unknown}
 t - 2 potions of magic {unknown}
 u - a potion of resistance {unknown}
 v - a potion of degeneration {unknown}
 x - a potion of mutation {unknown}
 B - a potion of brilliance {unknown}
 C - a potion of heal wounds {unknown}


   Skills:
 - Level 2.4 Fighting
 - Level 2.4 Dodging
 - Level 1.0 Stealth
 - Level 12.0 Unarmed Combat
 + Level 6.3 Invocations


You had 8 spell levels left.
You didn't know any spells.
Your spell library contained the following spells:

 Spells                   Type           Power      Damage    Failure   Level
 Apportation              Tloc           0%         N/A       45%         1
 Necrotise                Necr           0%         1d4       45%         1
 Summon Small Mammal      Summ           0%         N/A       45%         1


Dungeon Overview and Level Annotations

Branches:
Dungeon (9/15)             Temple (1/1) D:7
   Lair: D:8-11         Orc: D:9-12

Altars:
Ashenzari
Cheibriados
Elyvilon
Fedhas
Gozag
Hepliaklqana
Kikubaaqudgha
Makhleb
Okawaru
Qazlal
Ru
Sif Muna
Trog
Uskayaw
Wu Jian
Xom
Yredelemnul
The Shining One
Lugonu

Shops:
D:1 (=*   D:6 [

Annotations:
D:2 exclusion: scorpion


Innate Abilities, Weirdness & Mutations

You are too large for most types of armour.
You have claws for hands.
Your natural rate of healing is unusually fast.
You are covered in fur. (AC +1)
You have tough skin. (AC +1)


Message History

The hornet barely misses you. The wyvern bites you!
Unknown command.
You claw Gastronok!
Gastronok is heavily wounded.
The wyvern completely misses you. The hornet barely misses you.
Your bullfrog zombie hits Gastronok.
Gastronok gurgles, "I'll eat you, I will!"
Gastronok closely misses you.
You claw Gastronok!
Gastronok is heavily wounded.
The hornet misses you.
The wyvern bites you but does no damage.
Your bullfrog zombie hits Gastronok but does no damage.
A gnoll comes into view. It is wielding a +0 spear.
Unknown command.
You scratch Gastronok.
Gastronok is severely wounded.
The wyvern barely misses you. The hornet stings you!
You feel yourself slow down.
Your bullfrog zombie completely misses Gastronok.
Gastronok bites you!!
* * * LOW HITPOINT WARNING * * *
The wyvern closely misses you. The hornet stings you!
* * * LOW HITPOINT WARNING * * *
You feel as though you will be slow longer.
You mangle Gastronok!!
Gastronok is almost dead.
Your bullfrog zombie hits Gastronok.
The hornet stings you.
* * * LOW HITPOINT WARNING * * *
You are poisoned.
You feel as though you will be slow longer.
The wyvern misses you.
Okay, then.
You don't know any spells.
You claw Gastronok!
You kill Gastronok!
You feel very sick. The hornet stings you!
You die...
Your body rises from the dead as a mindless zombie.

...##...## ..
.........# ...
.....#..# .g.#
......#..##...#
..##.....#g#...
.........g...
......[l..# #
......Z@y# .#
..#......##..#
.............#.
...............#
....[..<........
.#..............
................
##....#..###....
.....##.## ###.


You could see a hornet, a wyvern (ally target), 3 gnolls and a friendly bullfrog
zombie.

Vanquished Creatures
  Gastronok (D:9)
  2 wraiths
  Menkaure (D:5)
  A water moccasin (D:5)
  A sky beast (D:7)
  2 ogres
  4 centaurs
  4 bullfrogs
  A gnoll sergeant (D:5)
  Blork the orc (D:5)
  4 scorpions
  4 necrophages
  3 wights (D:8)
  A hound (D:5)
  2 gnoll boudas
  2 jellies
  An iguana (D:3)
  10 orc wizards
  A hound zombie (D:3)
  26 gnolls
  11 adders
  6 white imps
  An adder zombie (D:3)
  5 worms
  2 dart slugs
  22 orcs
  9 ball pythons
  3 bats
  6 endoplasms
  2 giant cockroaches
  4 goblins
  6 hobgoblins
  5 quokkas
  5 frilled lizards
  A jackal zombie (D:3)
  8 kobolds
  6 rats
174 creatures vanquished.

Vanquished Creatures (collateral kills)
  A bullfrog (D:8)
  A hound (D:5)
  2 gnolls (D:4)
  4 orcs
8 creatures vanquished.

Vanquished Creatures (others)
  A spectral white imp (D:5)
  3 gnoll zombies
  2 orc zombies
  56 plants
62 creatures vanquished.

Grand Total: 244 creatures vanquished

Notes
Turn   | Place    | Note
-------+----------+-------------------------------------------
     0 | D:1      | cdecastro the Troll Monk began the quest for the Orb.
     0 | D:1      | Reached XP level 1. HP: 22/22 MP: 0/0
   210 | D:1      | Reached XP level 2. HP: 29/29 MP: 1/1
   271 | D:1      | Found Cufuvodgh's Jewellery Shop.
   400 | D:1      | Found Qeajyli's Weapon Boutique.
   417 | D:1      | Found Wypreadd's Assorted Antiques.
   427 | D:1      | Bought a lumpy red potion for 27 gold pieces
   427 | D:1      | Bought a scroll labelled PUTWIY TAZYLA for 31 gold pieces
   519 | D:1      | Reached skill level 4 in Unarmed Combat
   877 | D:2      | Reached XP level 3. HP: 33/36 MP: 2/2
   937 | D:2      | Found a faded altar of an unknown god.
  1184 | D:2      | Noticed a scorpion
  1409 | D:2      | Reached XP level 4. HP: 44/44 MP: 3/3
  1530 | D:3      | Reached skill level 5 in Unarmed Combat
  1648 | D:3      | Found a hide-covered altar of Uskayaw.
  1810 | D:3      | Found a blossoming altar of Fedhas.
  1942 | D:3      | Reached XP level 5. HP: 39/50 MP: 4/4
  1968 | D:3      | Reached skill level 6 in Unarmed Combat
  2038 | D:3      | Found a basalt altar of Yredelemnul.
  2083 | D:3      | Became a worshipper of Yredelemnul the Dark
  2083 | D:3      | Reached * piety under Yredelemnul
  2083 | D:3      | Reached ** piety under Yredelemnul
  2401 | D:4      | Noticed an ogre
  2409 | D:4      | Killed an ogre
  2410 | D:4      | Reached skill level 7 in Unarmed Combat
  2410 | D:4      | Reached XP level 6. HP: 59/59 MP: 5/5
  2543 | D:4      | Found an ancient bone altar of Kikubaaqudgha.
  2581 | D:4      | Found an iron altar of Okawaru.
  3458 | D:5      | Entered Level 5 of the Dungeon
  3608 | D:5      | Reached skill level 8 in Unarmed Combat
  3608 | D:5      | Reached XP level 7. HP: 46/66 MP: 6/6
  3839 | D:5      | Reached skill level 9 in Unarmed Combat
  3876 | D:5      | Reached *** piety under Yredelemnul
  3878 | D:5      | Noticed Menkaure
  3878 | D:5      | Noticed Blork the orc
  3885 | D:5      | Killed Blork the orc
  3889 | D:5      | Killed Menkaure
  3890 | D:5      | Reached skill level 10 in Unarmed Combat
  3890 | D:5      | Reached XP level 8. HP: 16/74 MP: 7/7
  4171 | D:6      | Found a shimmering blue altar of Sif Muna.
  4230 | D:6      | Found a burning altar of Makhleb.
  4294 | D:6      | Found Kymesh's Armour Shop.
  4361 | D:6      | Found an ornate altar of the Wu Jian Council.
  4442 | D:6      | Reached skill level 11 in Unarmed Combat
  4496 | D:6      | Found a sacrificial altar of Ru.
  5064 | D:7      | Reached skill level 12 in Unarmed Combat
  5089 | D:7      | Reached skill level 1 in Invocations
  5089 | D:7      | Reached XP level 9. HP: 73/80 MP: 7/9
  5840 | D:7      | Found a staircase to the Ecumenical Temple.
  6006 | D:8      | Reached skill level 5 in Invocations
  6048 | Temple   | Entered the Ecumenical Temple
  6168 | D:6      | Bought a +0 cloak for 49 gold pieces
  6342 | D:8      | Found a bloodstained altar of Trog.
  6434 | D:8      | Found a white marble altar of Elyvilon.
  6639 | D:9      | Noticed Gastronok
  6654 | D:9      | Killed Gastronok
  6654 | D:9      | Slain by a hornet

Illustrated notes

Levels and vault maps discovered:
D:1:      kennysheep_arrival_seaside, layout_basic, serial_shops,
          nicolae_diamond_shop, shop, shop
D:2:      cheibrodos_old_hovel, layout_loops_ring,
          ebering_ecumenical_altar_webs, nicolae_titane
D:3:      layout_loops_ring, mainiacjoe_overflow_chevrons,
          nicolae_yredelemnul_corpse_copse, nicolae_uskayaw_suspiria,
          hangedman_abyss_or_decor_stabs, minivault_26
D:4:      layout_layer_cave, nicolae_kikubaaqudgha_miasma_corner,
          kennysheep_mini_moat, nicolae_concentric_dashed_squares_mild,
          kennysheep_decorative_pillar, nicolae_kite_square_tiling_tiny
D:5:      layout_basic, nicolae_grassy_gnolls, uniq_menkaure, uniq_blork_the_orc
D:6:      layout_loops_ring, mainiacjoe_overflow_concentric_impassable,
          amcnicky_altar_gilded, mainiacjoe_overflow_catch_the_wave,
          serial_shops, nicolae_take_the_stairs
D:7:      layout_basic, minmay_temple_entry_poolview,
          minmay_misc_feat_more_columns, minmay_stone_trees_medium,
          dreamdust_princess_bridge, kennysheep_small_spiral
D:8:      layout_cave_pools, nicolae_overflow_crystal_walls,
          mainiacjoe_overflow_surrounded_room
D:9:      layout_cave_pools, nicolae_overflow_hidden_temple, uniq_grum,
          uniq_erica, uniq_erolcha, uniq_gastronok, uniq_pikel
Temple:   corrupted_temple

Skill      XL: |  1  2  3  4  5  6  7  8  9 |
---------------+----------------------------+-----
Unarmed Combat | 4 5 7 8 10 12 | 12.0
Invocations    | 1 6 |  6.3
Fighting       | |  2.4
Dodging        | |  2.4
Stealth        | |  1.0

Action                   |  1- 3 |  4- 6 |  7- 9 || total
-------------------------+-------+-------+-------++-------
Melee: Unarmed           |   107 |   130 |   226 ||   463
       Punch             |       |     8 |    12 ||    20
Throw: Boomerang         |       |     2 |       ||     2
Invok: Dark Bargain      |       |     2 |     2 ||     4
       Recall Undead Har |       |       |     1 ||     1
 Stab: Sleeping          |     2 |     4 |     1 ||     7
       Distracted        |       |       |     1 ||     1
Armor: Robe              |    29 |    22 |    51 ||   102
Dodge: Dodged            |    47 |    45 |   107 ||   199
